Map: King of Braxis Station

Players

MrFercho

  • Race: Terran Terran
  • Spawn Location: 9:00

tigro

  • Race: Terran Terran
  • Spawn Location: 6:00

IA (Difícil)

  • Race: Zerg Zerg
  • Spawn Location: 3:00

IA (Difícil)

  • Race: Zerg Zerg
  • Spawn Location: 7:00

tutito

  • Race: Terran Terran
  • League: Bronze
  • Spawn Location: 1:00

Javascript

  • Race: Zerg Zerg
  • Spawn Location: 11:00

IA (Difícil)

  • Race: Protoss Protoss
  • Spawn Location: 5:00

IA (Difícil)

  • Race: Protoss Protoss
  • Spawn Location: 12:00

VOD

Have the link to the VOD?

Description

Time

  • Played on: March 24, 2020, 11:06 p.m.
  • Length: 11:35
Show
View Real Time Build Order
Export as new Build Order

MrFercho Terran 

Build Orders:  

Get SALT Encoding   

  12  0:06  SCV  
  13  0:22  Supply Depot  
  13  0:30  Refinery  
  13  0:36  SCV  
  14  0:48  SCV  
  15  0:50  Engineering Bay  
  15  0:57  Refinery  
  15  1:00  SCV  
  16  1:08  Barracks  
  16  1:30  SCV  
  17  1:42  SCV  
  18  1:54  SCV  
  19  1:59  Factory  
  19  2:04  Supply Depot  
  19  2:06  SCV  
  20  2:16  Supply Depot  
  20  2:17  Terran Infantry Weapons Level 1  
  20  2:18  SCV  
  21  2:25  Barracks Reactor  
  21  2:37  Orbital Command  
  21  2:49  Armory  
  21  2:55  Factory Tech Lab  
  21  3:06  Marine x2  
  23  3:23  Marine  
  24  3:37  Armory  
  24  3:40  Marine  
  25  3:41  Marine  
  25  3:47  Hellion  
  28  3:58  Marine  
  28  3:59  Marine  
  30  4:06  Starport  
  30  4:07  Starport x2  
  30  4:08  Hellion  
  32  4:10  Supply Depot  
  32  4:11  Supply Depot  
  32  4:50  SCV  
  33  4:54  Barracks, Starport Tech Lab  
  33  4:57  Barracks, Starport Tech Lab  
  33  5:02  SCV, Starport Tech Lab  
  34  5:14  SCV  
  20  5:26  SCV  
  13  5:38  SCV  
  5  6:04  Marine x2  
  5  6:09  Hellion  
  4  6:21  Marine  
  4  6:22  Marine  
  5  6:39  Marine x2  
Show
View Real Time Build Order
Export as new Build Order

tigro Terran 

Build Orders:  

Get SALT Encoding   

  12  0:02  SCV  
  13  0:14  SCV  
  14  0:31  Supply Depot  
  14  0:33  SCV  
  15  0:45  Refinery  
  15  0:51  Refinery  
  15  0:52  SCV  
  16  1:04  SCV  
  16  1:07  Barracks  
  17  1:20  SCV  
  18  1:32  SCV  
  19  1:33  Supply Depot  
  19  1:44  SCV  
  20  1:57  Barracks, Barracks Tech Lab  
  20  2:02  Marine  
  21  2:18  Engineering Bay  
  21  2:20  Marine  
  22  2:37  Marine  
  23  2:45  Barracks Tech Lab  
  23  2:50  Orbital Command  
  23  2:55  Marine  
  24  3:12  Missile Turret  
  24  3:13  Marine  
  24  3:15  Marauder  
  27  3:37  Marauder  
  27  3:39  Factory  
  29  3:58  Marauder  
  31  4:31  Terran Infantry Weapons Level 1  
  31  4:35  Factory Tech Lab  
  31  4:37  Supply Depot  
  31  4:43  Missile Turret  
  31  4:59  Marauder  
  33  5:16  Marine  
  33  5:20  Marine  
  24  5:22  Missile Turret  
  22  5:34  Marine  
  20  5:38  Marine  
  19  5:51  Marine  
  19  5:56  Marine  
  17  6:09  Marine  
  18  6:13  Marine  
  18  6:25  Terran Infantry Armor Level 1  
  17  6:27  Marine  
  17  6:28  Siege Tank  
  17  6:31  Combat Shield, Marine  
  21  6:45  Marine  
  22  6:49  Marine  
  23  7:00  Siege Tank  
  26  7:03  Marine  
  26  7:07  Marine  
  28  7:21  Marine  
  29  7:25  Marine  
  30  7:38  Marine  
  30  7:43  Marauder  
  33  7:50  Stimpack  
  33  8:14  SCV  
  33  8:19  Neosteel Armor  
  34  8:24  Missile Turret  
  34  8:26  SCV  
  35  8:38  SCV  
  36  8:44  Armory  
  36  8:47  Infernal Pre-Igniter  
  36  9:01  Marine  
  34  9:03  Marine  
  23  9:18  Marine  
  23  9:21  Marine  
  23  9:22  Siege Tank  
  23  9:29  Concussive Shells  
  23  9:36  Marine  
  23  9:39  Marine  
  23  9:54  Marine  
  23  9:57  Marine  
  23  9:59  Hi-Sec Auto Tracking  
  20  10:12  Marine, Factory  
  16  10:14  Marine  
  14  10:30  Marine  
  14  10:43  Command Center  
Show
View Real Time Build Order
Export as new Build Order

IA (Difícil) Zerg 

Build Orders: 1 Base Baneling Bust, Pool First 

Get SALT Encoding   

  12  0:01  Drone  
  13  0:11  Overlord  
  13  0:16  Drone  
  14  0:29  Drone  
  14  0:31  Drone  
  16  0:41  Spawning Pool  
  16  0:42  Drone  
  16  0:46  Drone  
  16  0:49  Extractor  
  16  0:55  Drone  
  17  1:05  Overlord  
  17  1:29  Queen  
  17  1:30  Zergling x2  
  20  1:33  Roach Warren  
  20  1:37  Drone  
  20  1:38  Extractor  
  19  1:43  Zergling x2  
  20  1:48  Drone  
  21  1:59  Drone  
  22  2:05  Lair  
  22  2:13  Roach  
  24  2:20  Drone  
  25  2:31  Overlord  
  25  2:36  Drone  
  26  2:37  Roach  
  28  2:50  Overlord, Roach  
  30  3:03  Roach  
  32  3:06  Hydralisk Den  
  32  3:07  Drone  
  32  3:16  Roach  
  34  3:29  Roach  
  34  3:32  Overlord  
  36  3:41  Hydralisk  
  36  3:42  Drone  
  36  3:46  Drone  
  40  3:50  Drone  
  40  3:53  Drone  
  42  3:57  Hydralisk  
  44  4:08  Overlord  
  44  4:10  Hydralisk  
  44  4:11  Drone  
  44  4:12  Baneling Nest  
  44  4:13  Drone  
  47  4:20  Drone  
  47  4:22  Evolution Chamber  
  47  4:30  Hydralisk  
  49  4:41  Drone  
  50  5:37  Zergling x2  
  50  6:31  Zergling x2  
  50  6:32  Zerg Melee Weapons Level 1, Overlord, Drone  
  52  6:33  Burrow, Drone  
  52  6:34  Spire  
  52  6:37  Baneling, Evolution Chamber  
  52  6:38  Drone  
  52  6:41  Spore Crawler  
  52  6:42  Drone  
  52  6:44  Zergling x2  
  52  6:45  Drone, Spore Crawler  
  53  6:47  Drone  
  53  6:50  Zergling x2  
  53  6:52  Overlord  
  53  6:53  Metabolic Boost  
  55  6:56  Baneling, Zergling x2  
  52  7:02  Zergling x2  
  52  7:03  Zerg Missile Weapons Level 1  
  52  7:08  Baneling, Zergling x2  
  51  7:14  Zergling x2  
  51  7:15  Spine Crawler  
  52  7:16  Drone  
  53  7:25  Spine Crawler  
  53  7:27  Drone  
  49  7:44  Queen  
  49  7:45  Mutalisk  
  53  7:51  Mutalisk  
  53  7:57  Mutalisk  
  57  8:03  Overseer, Mutalisk  
  59  8:09  Mutalisk  
  61  8:13  Overseer  
  61  8:15  Mutalisk  
  63  8:27  Zerg Ground Armor Level 1  
  63  8:33  Infestation Pit  
  62  8:34  Drone  
  63  10:24  Hydralisk, Pneumatized Carapace  
  63  10:26  Overlord, Overseer  
  65  10:30  Roach  
  65  10:33  Hatchery  
  65  10:34  Drone  
  65  10:35  Roach  
  69  10:40  Hydralisk  
  71  10:45  Overlord, Hydralisk  
  73  10:50  Hydralisk  
  73  10:56  Ravager, Roach  
  78  11:01  Ravager  
  78  11:02  Roach  
  81  11:10  Zergling x2  
  71  11:20  Ravager  
Show
View Real Time Build Order
Export as new Build Order

IA (Difícil) Zerg 

Build Orders: 1 Base Baneling Bust, Pool First 

Get SALT Encoding   

  12  0:01  Drone  
  13  0:12  Overlord  
  13  0:18  Drone  
  14  0:30  Drone  
  14  0:32  Drone  
  16  0:43  Spawning Pool  
  16  0:46  Drone  
  16  0:50  Drone  
  16  0:53  Extractor  
  16  0:56  Drone  
  17  1:06  Overlord  
  17  1:31  Zergling x4, Queen  
  21  1:38  Drone  
  22  1:40  Roach Warren  
  22  1:42  Extractor  
  20  1:49  Drone  
  21  1:56  Baneling Nest  
  21  2:01  Drone  
  21  2:10  Drone  
  22  2:21  Zergling x2  
  23  2:32  Drone  
  24  2:38  Overlord  
  24  2:39  Zergling x4, Baneling  
  24  2:40  Baneling  
  24  2:41  Baneling  
  24  2:44  Zergling x2  
  27  2:54  Drone  
  28  3:05  Zergling x2  
  29  3:12  Zergling x2, Overlord  
  30  3:13  Zergling x2  
  30  3:17  Zergling x2  
  30  3:19  Baneling  
  32  3:25  Baneling  
  32  3:27  Zergling x2  
  32  3:28  Baneling  
  33  3:38  Zergling x2  
  33  3:39  Evolution Chamber  
  33  3:41  Drone  
  33  3:43  Drone  
  33  3:45  Drone  
  36  3:50  Drone  
  37  4:00  Drone  
  38  4:12  Drone  
  38  4:15  Overlord, Drone  
  40  4:26  Roach  
  40  4:30  Evolution Chamber  
  42  4:31  Drone  
  42  4:34  Roach  
  44  4:42  Lair  
  45  4:45  Roach  
  45  4:53  Roach  
  45  4:56  Overlord  
  47  5:12  Drone  
  47  5:15  Drone  
  47  5:20  Metabolic Boost  
  44  5:27  Zerg Melee Weapons Level 1  
  41  5:36  Zerg Ground Armor Level 1  
  41  5:41  Drone  
  41  5:44  Hydralisk Den  
  41  5:47  Drone  
  41  5:53  Burrow  
  41  5:58  Roach  
  43  6:06  Roach  
  45  6:14  Roach  
  46  6:22  Roach  
  48  6:29  Overseer x2, Hydralisk  
  49  6:36  Spore Crawler  
  49  6:37  Hydralisk, Drone  
  50  6:45  Zergling x2  
  51  6:47  Spore Crawler  
  51  6:48  Drone  
  51  6:53  Hydralisk  
  53  7:01  Hydralisk  
  53  7:04  Queen  
  53  7:06  Infestation Pit  
  56  7:09  Overlord  
  56  7:10  Drone  
  57  7:21  Zerg Missile Weapons Level 1  
  57  7:23  Drone, Spine Crawler  
  57  7:31  Drone, Spine Crawler  
  57  7:44  Spire  
  57  7:45  Drone  
  57  8:15  Hive  
  57  8:20  Overlord  
  57  8:56  Zergling x2  
  57  9:01  Hydralisk  
  45  9:13  Overseer  
  45  9:18  Overseer  
  43  9:29  Ultralisk Cavern  
  42  9:46  Roach  
  42  9:54  Hydralisk  
  42  10:02  Pneumatized Carapace  
  40  10:17  Ultralisk  
  46  10:26  Overseer  
  46  10:27  Ultralisk  
  52  11:03  Overlord  
  58  11:26  Hatchery  
Show
View Real Time Build Order
Export as new Build Order

tutito Terran 

Build Orders:  

Get SALT Encoding   

  12  0:20  Supply Depot  
  12  0:27  SCV  
  13  0:39  SCV  
  14  0:43  Refinery  
  14  0:45  Refinery  
  14  0:54  Barracks  
  14  1:05  SCV  
  15  1:17  SCV  
  16  1:27  Engineering Bay  
  16  1:29  SCV  
  17  1:41  SCV  
  18  1:47  Barracks Reactor, Bunker  
  18  1:53  SCV  
  19  1:57  Missile Turret  
  19  2:05  SCV  
  20  2:13  Factory  
  20  2:17  SCV  
  21  2:27  Missile Turret  
  21  2:29  SCV  
  22  2:32  Marine  
  23  2:44  Supply Depot  
  23  2:48  Terran Infantry Weapons Level 1  
  23  3:00  Factory Tech Lab  
  23  3:05  Marine x2  
  23  3:08  Missile Turret  
  25  3:13  Supply Depot  
  25  3:15  SCV  
  26  3:27  Marine  
  27  3:40  Siege Tank  
  30  3:42  Bunker  
  30  3:59  Missile Turret  
  30  4:04  Missile Turret  
  30  4:07  Orbital Command  
  30  4:15  Missile Turret  
  30  4:24  Missile Turret  
  30  4:34  Missile Turret  
  30  4:36  Marine x2  
  32  4:52  Siege Tank  
  35  4:54  Marine x2  
  37  5:02  Missile Turret  
  37  5:10  Supply Depot  
  37  5:30  Armory  
  37  5:41  Supply Depot  
  37  5:46  Siege Tank  
  40  5:59  Missile Turret  
  40  6:15  Starport  
  40  6:19  Terran Ship Weapons Level 1  
  40  6:23  Starport  
  40  6:29  SCV  
  41  6:41  SCV  
  41  6:44  Missile Turret  
  42  6:48  Missile Turret  
  42  6:53  SCV  
  43  6:54  Starport Tech Lab  
  43  7:01  Armory  
  43  7:10  Missile Turret  
  43  7:15  Starport Tech Lab  
  43  7:19  Missile Turret  
  43  7:30  Cloaking Field  
  43  7:36  Hyperflight Rotors  
  43  7:52  Terran Vehicle And Ship Armor Level 1  
  43  8:04  Missile Turret  
  43  8:05  Banshee  
  43  8:06  Banshee  
  49  8:23  Hi-Sec Auto Tracking  
  49  8:35  Terran Ship Weapons Level 2  
  49  8:44  Missile Turret  
  49  8:48  Banshee x2  
  55  9:09  Missile Turret  
  55  9:13  Missile Turret  
  55  9:20  Missile Turret  
  55  9:31  Banshee x2  
  61  9:43  Missile Turret  
  61  10:00  Supply Depot  
  61  10:20  Banshee x2  
  67  10:29  Missile Turret  
  67  10:35  Missile Turret  
  67  10:40  Missile Turret  
  67  10:51  Missile Turret  
  67  11:11  Supply Depot  
Show
View Real Time Build Order
Export as new Build Order

Javascript Zerg 

Build Orders: Pool First 

Get SALT Encoding   

  12  0:03  Drone  
  13  0:10  Drone  
  14  0:17  Overlord  
  14  0:34  Spawning Pool  
  13  0:36  Drone  
  14  0:43  Drone  
  14  0:44  Drone  
  14  0:49  Drone  
  17  0:58  Drone  
  18  1:16  Hatchery  
  17  1:19  Drone  
  17  1:22  Drone  
  17  1:25  Extractor  
  18  1:26  Extractor  
  17  1:33  Queen  
  17  1:38  Zergling x2  
  20  1:43  Drone  
  21  1:52  Overlord  
  21  2:02  Drone  
  22  2:13  Drone  
  23  2:18  Metabolic Boost  
  23  2:23  Drone  
  23  2:29  Drone  
  25  2:40  Drone x2  
  25  2:43  Drone  
  28  2:45  Lair  
  28  2:48  Drone  
  29  2:52  Baneling Nest  
  28  2:59  Spine Crawler  
  28  3:04  Queen  
  29  3:12  Overlord  
  29  3:19  Zergling x4  
  31  3:21  Zergling x2  
  32  3:29  Zergling x4  
  32  3:33  Drone x2  
  36  3:50  Drone x2  
  36  3:51  Nydus Network  
  37  4:02  Zergling x8  
  41  4:14  Baneling x6  
  41  4:16  Zergling x4  
  43  4:23  Spore Crawler  
  42  4:27  Zergling x2  
  42  4:28  Zergling x2  
  44  4:33  Overlord  
  44  4:43  Nydus Canal  
  44  4:46  Overlord  
  44  4:53  Hydralisk Den  
  43  5:01  Drone x2  
  42  5:25  Drone x2  
  42  5:26  Drone x2  
  42  5:27  Overlord  
  44  5:45  Overlord, Hydralisk  
  44  5:46  Hydralisk x4  
  50  6:13  Hydralisk x4  
  58  6:22  Muscular Augments  
  57  6:29  Lurker Den  
  52  6:49  Hydralisk x3  
  58  6:54  Evolution Chamber  
  58  6:55  Evolution Chamber  
  58  6:57  Spine Crawler  
  55  7:19  Infestation Pit  
  54  7:30  Hatchery  
  54  7:33  Overlord  
  53  7:41  Zerg Missile Weapons Level 1  
  53  7:45  Overlord x2  
  53  8:09  Hydralisk x4  
  53  8:11  Overlord x2  
  53  8:12  Zergling x4  
  63  8:38  Lurker  
  63  8:40  Lurker  
  65  8:41  Overlord  
  65  8:42  Overlord, Drone  
  65  8:45  Drone  
  65  8:46  Queen  
  69  9:03  Drone  
  69  9:05  Drone  
  69  9:09  Hatchery  
  70  9:12  Overseer x2  
  70  9:23  Overseer  
  70  9:29  Pneumatized Carapace  
  70  9:36  Drone x3  
  73  9:59  Drone  
  74  10:00  Drone x6  
  74  10:05  Hydralisk x4  
  88  10:14  Overseer  
  88  10:26  Drone x2  
  88  10:27  Drone x3  
  93  10:29  Extractor  
  93  10:30  Extractor  
  92  10:35  Zergling x2  
  92  10:36  Zergling x12  
  98  10:53  Drone x2  
  100  11:02  Spine Crawler  
  100  11:04  Drone, Spore Crawler  
  98  11:05  Overlord x2, Drone x2  
  98  11:08  Spine Crawler  
Show
View Real Time Build Order
Export as new Build Order

IA (Difícil) Protoss 

Build Orders:  

Get SALT Encoding   

  12  0:01  Probe  
  13  0:13  Probe  
  14  0:21  Pylon  
  14  0:25  Probe  
  15  0:35  Probe  
  16  0:43  Probe  
  16  0:48  Assimilator  
  17  0:51  Gateway  
  17  0:53  Probe  
  18  1:01  Probe  
  18  1:03  Pylon  
  19  1:22  Probe  
  20  1:38  Zealot  
  22  1:43  Cybernetics Core  
  22  1:45  Gateway  
  22  1:48  Assimilator  
  22  2:04  Pylon  
  22  2:09  Adept, Warp Gate  
  24  2:32  Zealot  
  26  2:44  Pylon  
  26  2:46  Adept  
  28  3:00  Adept  
  30  3:16  Stalker  
  32  3:26  Pylon  
  32  3:27  Probe  
  32  3:30  Adept  
  35  3:39  Probe  
  36  3:45  Adept  
  38  3:49  Forge  
  38  3:51  Probe  
  39  4:03  Probe  
  39  4:07  Stalker  
  42  4:15  Probe  
  43  4:23  Adept  
  45  4:27  Probe  
  46  4:36  Adept  
  48  6:18  Probe  
  48  6:21  Sentry  
  48  6:22  Protoss Ground Weapons Level 1  
  48  6:24  Gateway  
  51  6:26  Probe  
  51  6:27  Pylon  
  51  6:31  Stalker, Photon Cannon  
  54  6:34  Photon Cannon  
  54  6:37  Robotics Facility  
  54  6:40  Stargate  
  54  6:42  Twilight Council  
  54  6:45  Stalker  
  54  6:46  Forge  
  56  6:50  Pylon  
  56  6:55  Stalker  
  52  7:08  Zealot  
  46  7:09  Protoss Ground Armor Level 1  
  46  7:18  Sentry  
  48  7:27  Observer  
  48  7:28  Stalker  
  51  7:36  Blink  
  51  7:38  Adept  
  53  7:48  Observer  
  53  7:49  Stalker  
  56  7:59  Zealot  
  58  8:52  Probe  
  58  9:46  Observer  
  58  10:42  Stalker x2, Void Ray  
  58  10:53  Warp Prism  
  58  10:55  Gateway  
  64  10:59  Robotics Facility  
  64  11:03  Stargate  
  64  11:06  Robotics Bay  
  60  11:11  Pylon  
  60  11:12  Stalker  
  52  11:21  Zealot  
  44  11:30  Stalker  
Show
View Real Time Build Order
Export as new Build Order

IA (Difícil) Protoss 

Build Orders:  

Get SALT Encoding   

  12  0:01  Probe  
  13  0:13  Probe  
  14  0:20  Pylon  
  14  0:25  Probe  
  15  0:34  Probe  
  15  0:42  Probe  
  16  0:46  Assimilator  
  16  0:49  Gateway  
  17  0:52  Probe  
  18  1:00  Probe  
  18  1:03  Pylon  
  19  1:19  Probe  
  20  1:39  Zealot  
  22  1:41  Gateway  
  22  1:43  Cybernetics Core  
  22  1:44  Assimilator  
  22  1:58  Zealot  
  22  2:00  Pylon  
  24  2:20  Warp Gate  
  24  2:23  Zealot  
  26  2:35  Zealot  
  28  2:44  Pylon  
  28  2:48  Zealot  
  30  3:02  Zealot  
  32  3:07  Stalker  
  34  3:22  Pylon  
  34  3:29  Stalker, Probe  
  37  3:39  Stalker  
  39  3:41  Probe  
  40  3:50  Forge  
  40  3:53  Probe  
  41  3:59  Adept  
  43  4:04  Probe  
  44  4:12  Probe  
  44  4:14  Pylon  
  44  4:16  Adept  
  47  4:20  Probe  
  48  4:36  Zealot  
  50  6:10  Probe  
  50  6:27  Probe  
  50  6:31  Sentry, Protoss Ground Weapons Level 1  
  53  6:36  Gateway  
  53  6:39  Probe  
  54  6:40  Photon Cannon  
  54  6:41  Photon Cannon  
  54  6:42  Adept  
  54  6:45  Robotics Facility  
  56  6:49  Twilight Council  
  56  6:51  Forge  
  56  6:53  Pylon  
  56  6:54  Stalker  
  56  6:56  Stargate  
  54  7:05  Stalker  
  56  7:17  Stalker  
  56  7:18  Pylon  
  58  7:23  Protoss Ground Armor Level 1  
  58  7:28  Stalker  
  58  7:29  Blink  
  60  7:33  Observer  
  61  7:39  Stalker  
  63  7:50  Adept  
  65  7:55  Observer  
  66  8:00  Sentry  
  68  10:53  Immortal  
  72  11:08  Gateway  
  72  11:12  Stargate  
  72  11:16  Pylon  
  72  11:20  Robotics Facility  
  70  11:29  Stalker  
Tags
 
Add a new tag
Caveats
  • Supply blocks, unpowered buildings, or Contaminate may cause inaccurate times.
  • Supply counts are checked every 10 seconds.